 Dungeon Crawl Stone Soup version 0.27-a0-1347-gd8886f0a89 (webtiles) character file.

Game seed: 17125037330284005122

3738 Zonian the Destroyer (level 10, 0/74 HPs)
             Began as a Gnoll Conjurer on June 28, 2021.
             Was a Priest of Dithmenos.
             Killed from afar by Maggie (20 damage)
             ... with a bolt of fire
             ... on level 7 of the Dungeon.
             The game lasted 00:23:21 (13799 turns).

Zonian the Destroyer (Gnoll Conjurer)              Turns: 13799, Time: 00:23:23

Health: 0/74       AC:  7    Str:  7    XL:     10   Next: 15%
Magic:  10/20      EV: 15    Int: 21    God:    Dithmenos [***...]
Gold:   349        SH:  0    Dex: 16    Spells: 8/23 levels left

rFire    . . .     SeeInvis .   g - +1 short sword (freeze)
rCold    . . .     Faith    .   (no shield)
rNeg     . . .     Spirit   .   a - +0 robe
rPois    .         Reflect  .   d - +0 helmet
rElec    .         Harm     .   z - +1 cloak {Stlth+}
rCorr    .         Rampage  .   (no gloves)
Will     .....                  f - +0 pair of boots
Stlth    ++++++....             e - amulet of magic regeneration
HPRegen  0.22/turn              h - +6 ring of dexterity
MPRegen  0.42/turn              v - ring of wizardry

@: mesmerised, wreathed by umbra
A: fangs 1, strong nose, distributed training
a: Renounce Religion, Shadow Step


You were on level 7 of the Dungeon.
You worshipped Dithmenos.
Dithmenos was most pleased with you.
You visited 1 branch of the dungeon, and saw 7 of its levels.
You also visited: Bailey.

You collected 434 gold pieces.
You spent 85 gold pieces at shops.

Inventory:

Hand Weapons
 g - a +1 short sword of freezing (weapon)
 j - a +1 spear
 m - a +1 flail of pain
 n - a +0 flail of protection
 q - a +1 halberd
 r - a +0 vorpal war axe
 y - a +3 falchion of freezing
 A - a +2 scimitar of protection
Missiles
 b - 25 poisoned darts
 o - 6 boomerangs
Armour
 a - a +0 robe (worn)
 d - a +0 helmet (worn)
 f - a +0 pair of boots (worn)
 p - a +0 scale mail of poison resistance
 x - +0 steam dragon scales
 z - a +1 cloak of stealth (worn)
 B - +0 ice dragon scales
Magical Staves
 l - a staff of earth
Jewellery
 e - an amulet of magic regeneration (around neck)
 h - a +6 ring of dexterity (left hand)
 k - an amulet of faith
 v - a ring of wizardry (right hand)
Scrolls
 s - 4 scrolls of teleportation
Potions
 c - 2 potions of curing
 i - a potion of resistance
 t - a potion of ambrosia
 u - a potion of cancellation
 w - 2 potions of brilliance {unknown}


   Skills:
 + Level 5.0 Fighting
 + Level 5.0 Short Blades
 + Level 5.0 Long Blades
 + Level 5.0 Axes
 + Level 5.0 Maces & Flails
 + Level 5.0 Polearms
 + Level 5.0 Staves
 + Level 5.0 Slings
 + Level 5.0 Bows
 + Level 5.0 Crossbows
 + Level 5.0 Throwing
 + Level 5.0 Armour
 + Level 6.8 Dodging
 + Level 6.6 Stealth
 + Level 5.0 Shields
 + Level 5.0 Unarmed Combat
 + Level 7.1 Spellcasting
 + Level 8.3 Conjurations
 + Level 4.1 Hexes
 + Level 4.1 Summonings
 + Level 4.1 Necromancy
 + Level 4.1 Translocations
 + Level 4.1 Transmutations
 + Level 4.1 Fire Magic
 + Level 4.1 Ice Magic
 + Level 4.1 Air Magic
 + Level 4.1 Earth Magic
 + Level 4.1 Poison Magic
 + Level 5.5 Invocations
 + Level 5.0 Evocations


You had 8 spell levels left.
You knew the following spells:

 Your Spells              Type           Power      Damage    Failure   Level
a - Magic Dart            Conj           100%       1d8       1%          1
b - Searing Ray           Conj           84%        3d6       1%          2
c - Frozen Ramparts       Ice            48%        1d6       1%          3
d - Swiftness             Air            24%        N/A       1%          3
e - Ozocubu's Armour      Ice            24%        N/A       1%          3
f - Tukima's Dance        Hex            24%        N/A       1%          3

Your spell library contained the following spells:

 Spells                   Type           Power      Damage    Failure   Level
 Corona                   Hex            26%        N/A       1%          1
 Freeze                   Ice            96%        1d11      1%          1
 Shock                    Conj/Air       100%       1d9       1%          1
 Ensorcelled Hibernation  Hex/Ice        48%        N/A       1%          2
 Static Discharge         Conj/Air       33%        N/A       1%          2
 Confusing Touch          Hex            24%        N/A       1%          3
 Dazzling Flash           Conj/Hex       66%        N/A       1%          3
 Fulminant Prism          Conj/Hex       16%        3d11      2%          4
 Hailstorm                Conj/Ice       33%        3d8       2%          4
 Iskenderun's Mystic Bla  Conj/Tloc      33%        2d8       2%          4
 Airstrike                Air            12%        N/A       6%          4
 Lightning Bolt           Conj/Air       16%        1d30      8%          5
 Metabolic Englaciation   Hex/Ice        12%        N/A       17%         5


Dungeon Overview and Level Annotations

Branches:
Dungeon (7/15)             Temple (0/1) D:6          Bailey (visited)

Altars:
Dithmenos
Uskayaw
Xom
Yredelemnul

Shops:
D:4 [**[?

Annotations:
D:5 3 runed translucent doors, Wobber's ghost, novice OpTm
D:6 Menkaure
D:7 Harold; Maggie


Innate Abilities, Weirdness & Mutations

You have very sharp teeth.
Your uncanny sense of smell can sniff out nearby items.
Your experience applies equally to all skills.


Message History

You are mesmerised by Maggie!
Maggie completely misses you.
Unknown command.
The searing ray hits Maggie!
Maggie is heavily wounded.
You finish channeling your searing ray.
Maggie hits you but does no damage.
Unknown command.
Casting: Searing Ray (safe; 1% risk of failure)
Confirm with . or Enter, or press ? or * to list all spells.
Aiming: Searing Ray (safe; 1% risk of failure)
Press: ? - help, Shift-Dir - straight line, f/p - Maggie
Aim: Maggie, wielding a +0 morningstar and wearing +0 steam dragon scales (heavily wounded, mesmerising, fast, umbra, 82% to hit)
The searing ray hits Maggie!
Maggie is severely wounded. (Press . to maintain the ray.) Maggie closely misses you.
Maggie mumbles some strange words.
Maggie draws you further into her thrall.
The searing ray misses Maggie.
Maggie closely misses you.
Unknown command.
The searing ray hits Maggie.
Maggie is severely wounded.
Maggie gestures at you while chanting. The bolt of fire hits you!!
Maggie casts a spell at you. The bolt of fire hits you!!
* * * LOW HITPOINT WARNING * * *
The searing ray hits Maggie.
Maggie is severely wounded.
You finish channeling your searing ray.
Maggie misses you.
Unknown command.
Casting: Searing Ray (safe; 1% risk of failure)
Confirm with . or Enter, or press ? or * to list all spells.
Aiming: Tukima's Dance (safe; 1% risk of failure)
Press: ? - help, Shift-Dir - straight line, f/p - Maggie
Aim: Maggie, wielding a +0 morningstar and wearing +0 steam dragon scales (severely wounded, mesmerising, fast, umbra, chance to affect: 64%)
The +0 morningstar dances into the air!
Maggie casts a spell at you. The bolt of fire hits you!!
You die...

... ##........#
.#.........#
...@....###########
....#......!..!...#
....##....###.###.# ...
#......#!# #.#
.@..........#.# #.#
....##..###@###.###
.....##..#..@..#...#
.....#...#.).()#...##
..#......#.)∩..#....#
##......#..!..#...## ∆
..##...#..!..#...#
....(...#.#..#######..###
...[......##............#
......###..............##
.)....##..###.###.....##


You could see Maggie (mesmerising, fast, ally target) and a friendly +0
morningstar.

Vanquished Creatures
  An orc knight (Bailey)
  A kobold demonologist (D:7)
  A steam dragon (D:6)
  A water moccasin (D:3)
  10 orc warriors
  A black bear (D:4)
  A sky beast (D:6)
  A centaur (D:5)
  5 ogres
  A water moccasin zombie (D:4)
  A scorpion (D:5)
  A wyvern skeleton (D:6)
  5 wights (D:6)
  A howler monkey (D:7)
  A jelly (D:5)
  4 orc priests
  3 hounds
  4 iguanas
  8 orc wizards
  A hound zombie (D:5)
  3 gnolls
  2 howler monkey skeletons
  4 adders
  A white imp (D:5)
  2 worms
  2 dart slugs
  34 orcs
  8 endoplasms
  3 giant cockroaches
  8 goblins
  6 hobgoblins
  2 jackals (D:2)
  2 quokkas (D:1)
  5 ball pythons
  3 bats
  2 frilled lizards
  3 kobolds
  5 rats
147 creatures vanquished.

Vanquished Creatures (others)
  A dancing weapon (Bailey)
1 creature vanquished.

Grand Total: 148 creatures vanquished

Notes
Turn   | Place    | Note
-------+----------+-------------------------------------------
     0 | D:1      | Zonian the Gnoll Conjurer began the quest for the Orb.
     0 | D:1      | Reached XP level 1. HP: 13/13 MP: 6/6
   223 | D:1      | Reached XP level 2. HP: 19/19 MP: 4/7
   618 | D:1      | Found a faded altar of an unknown god.
   713 | D:1      | Reached XP level 3. HP: 23/25 MP: 9/9
   801 | D:1      | Reached skill level 5 in Spellcasting
  1138 | D:1      | Became a worshipper of Dithmenos the Shadowed
  1138 | D:1      | Reached * piety under Dithmenos
  1606 | D:2      | Reached skill level 1 in Invocations
  1942 | D:2      | Reached skill level 1 in Fighting
  1942 | D:2      | Reached skill level 1 in Short Blades
  1942 | D:2      | Reached skill level 1 in Long Blades
  1942 | D:2      | Reached skill level 1 in Axes
  1942 | D:2      | Reached skill level 1 in Maces & Flails
  1942 | D:2      | Reached skill level 1 in Polearms
  1942 | D:2      | Reached skill level 1 in Staves
  1942 | D:2      | Reached skill level 1 in Slings
  1942 | D:2      | Reached skill level 1 in Bows
  1942 | D:2      | Reached skill level 1 in Crossbows
  1942 | D:2      | Reached skill level 1 in Throwing
  1942 | D:2      | Reached skill level 1 in Armour
  1942 | D:2      | Reached skill level 1 in Shields
  1942 | D:2      | Reached skill level 1 in Unarmed Combat
  1942 | D:2      | Reached skill level 1 in Evocations
  2128 | D:2      | Learned a level 2 spell: Searing Ray
  2397 | D:2      | Reached XP level 4. HP: 30/32 MP: 11/11
  2859 | D:3      | Reached skill level 1 in Hexes
  2859 | D:3      | Reached skill level 1 in Summonings
  2859 | D:3      | Reached skill level 1 in Necromancy
  2859 | D:3      | Reached skill level 1 in Translocations
  2859 | D:3      | Reached skill level 1 in Transmutations
  2859 | D:3      | Reached skill level 1 in Fire Magic
  2859 | D:3      | Reached skill level 1 in Ice Magic
  2859 | D:3      | Reached skill level 1 in Air Magic
  2859 | D:3      | Reached skill level 1 in Earth Magic
  2859 | D:3      | Reached skill level 1 in Poison Magic
  3222 | D:3      | Noticed a water moccasin
  3230 | D:3      | Killed a water moccasin
  3231 | D:3      | Reached XP level 5. HP: 24/38 MP: 4/12
  3775 | D:4      | Found Xosiysiddy's Armour Shoppe.
  3789 | D:4      | Found a hide-covered altar of Uskayaw.
  3790 | D:4      | Found a basalt altar of Yredelemnul.
  3893 | D:4      | Noticed an ogre
  4048 | D:4      | Found Piahuov's Assorted Antiques.
  4061 | D:4      | Bought a sedimented golden potion for 19 gold pieces
  4061 | D:4      | Bought a metallic yellow potion for 19 gold pieces
  4061 | D:4      | Bought a scroll labelled DISCHE ONESO for 22 gold pieces
  4652 | D:4      | Killed an ogre
  4653 | D:4      | Reached skill level 5 in Dodging
  4653 | D:4      | Reached XP level 6. HP: 15/44 MP: 5/14
  4973 | D:4      | Found Pelor's Antique Armour Shoppe.
  5240 | D:4      | Found Dodaw's Assorted Antiques.
  5246 | D:4      | Bought a sapphire potion for 25 gold pieces
  5282 | D:4      | Found Haeps's Magic Scroll Shoppe.
  5418 | D:4      | Noticed a black bear
  5424 | D:4      | Killed a black bear
  5425 | D:4      | Reached XP level 7. HP: 50/50 MP: 8/15
  5926 | D:4      | Found a shimmering altar of Xom.
  6149 | D:4      | Reached ** piety under Dithmenos
  6385 | D:5      | Entered Level 5 of the Dungeon
  6837 | D:5      | Found a runed translucent gate.
  6837 | D:5      | Found a runed translucent gate.
  6837 | D:5      | Noticed Wobber's ghost (novice OpTm)
  6839 | D:5      | Found a runed translucent gate.
  6997 | D:5      | Reached skill level 5 in Stealth
  7087 | D:5      | Reached XP level 8. HP: 28/57 MP: 6/16
 10091 | D:6      | Found a staircase to the Ecumenical Temple.
 10221 | D:6      | Reached XP level 9. HP: 52/65 MP: 16/18
 10493 | D:6      | Noticed Menkaure
 10714 | D:7      | Noticed Maggie
 10714 | D:7      | Noticed Harold
 10804 | D:7      | Reached *** piety under Dithmenos
 10883 | D:7      | Found a flagged portal.
 10894 | Bailey   | Entered a bailey
 11216 | Bailey   | Reached skill level 8 in Conjurations
 11725 | Bailey   | Learned a level 3 spell: Frozen Ramparts
 12610 | Bailey   | Noticed an orc knight
 12688 | Bailey   | Learned a level 3 spell: Swiftness
 12694 | Bailey   | Learned a level 3 spell: Ozocubu's Armour
 12698 | Bailey   | Learned a level 3 spell: Tukima's Dance
 12720 | Bailey   | Noticed an orc knight
 12915 | Bailey   | Reached skill level 5 in Invocations
 12928 | Bailey   | Killed an orc knight
 13015 | Bailey   | Reached XP level 10. HP: 49/73 MP: 14/20
 13523 | D:7      | Noticed a kobold demonologist
 13534 | D:7      | Killed a kobold demonologist
 13535 | D:7      | Reached skill level 5 in Fighting
 13535 | D:7      | Reached skill level 5 in Short Blades
 13535 | D:7      | Reached skill level 5 in Long Blades
 13535 | D:7      | Reached skill level 5 in Axes
 13535 | D:7      | Reached skill level 5 in Maces & Flails
 13535 | D:7      | Reached skill level 5 in Polearms
 13535 | D:7      | Reached skill level 5 in Staves
 13535 | D:7      | Reached skill level 5 in Slings
 13535 | D:7      | Reached skill level 5 in Bows
 13535 | D:7      | Reached skill level 5 in Crossbows
 13535 | D:7      | Reached skill level 5 in Throwing
 13535 | D:7      | Reached skill level 5 in Armour
 13535 | D:7      | Reached skill level 5 in Shields
 13535 | D:7      | Reached skill level 5 in Unarmed Combat
 13535 | D:7      | Reached skill level 5 in Evocations
 13799 | D:7      | Killed from afar by Maggie

Illustrated notes

Levels and vault maps discovered:
D:1:      elethiomel_arrival_infinity_welcomes_careful_drivers,
          layout_loops_cross, shapermc_ecumenical_altar_gd
D:2:      layout_loops_ring, minmay_cut_off
D:3:      layout_loops_cross
D:4:      layout_loops_corners, kennysheep_mini_moat, minitemple, serial_shops,
          nicolae_shop_trees, shop, shop, shop, shop_coins
D:5:      layout_cave_pools, enter_ossuary_2, gammafunk_ghost_split
D:6:      layout_loops_ring, minmay_temple_entry_enclosed_plants, uniq_menkaure
D:7:      layout_cave_pools, enter_bailey_7, serial_shops,
          nicolae_take_the_stairs, hangedman_decor_clover_reticule, uniq_maggie,
          uniq_harold, uniq_crazy_yiuf_cottage

Skill      XL: |  1  2  3  4  5  6  7  8  9 10 |
---------------+-------------------------------+-----
Spellcasting   | 5 6 7 |  7.1
Invocations    | 1 2 3 4 5 |  5.5
Fighting       | 1 2 3 4 5 |  5.0
Short Blades   | 1 2 3 4 5 |  5.0
Long Blades    | 1 2 3 4 5 |  5.0
Axes           | 1 2 3 4 5 |  5.0
Maces & Flails | 1 2 3 4 5 |  5.0
Polearms       | 1 2 3 4 5 |  5.0
Staves         | 1 2 3 4 5 |  5.0
Slings         | 1 2 3 4 5 |  5.0
Bows           | 1 2 3 4 5 |  5.0
Crossbows      | 1 2 3 4 5 |  5.0
Throwing       | 1 2 3 4 5 |  5.0
Armour         | 1 2 3 4 5 |  5.0
Shields        | 1 2 3 4 5 |  5.0
Unarmed Combat | 1 2 3 4 5 |  5.0
Evocations     | 1 2 3 4 5 |  5.0
Hexes          | 1 2 3 4 |  4.1
Summonings     | 1 2 3 4 |  4.1
Necromancy     | 1 2 3 4 |  4.1
Translocations | 1 2 3 4 |  4.1
Transmutations | 1 2 3 4 |  4.1
Fire Magic     | 1 2 3 4 |  4.1
Ice Magic      | 1 2 3 4 |  4.1
Air Magic      | 1 2 3 4 |  4.1
Earth Magic    | 1 2 3 4 |  4.1
Poison Magic   | 1 2 3 4 |  4.1
Dodging        | 5 6 |  6.8
Stealth        | 5 6 |  6.6
Conjurations   | 8 |  8.3

Action                   |  1- 3 |  4- 6 |  7- 9 | 10-12 || total
-------------------------+-------+-------+-------+-------++-------
Melee: Unarmed           |    20 |       |       |       ||    20
       Spear             |    13 |     9 |    33 |       ||    55
       Bite              |       |       |     4 |     1 ||     5
       Short sword       |       |       |    35 |     3 ||    38
Throw: Boomerang         |       |       |       |     4 ||     4
 Cast: Magic Dart        |    49 |    59 |   219 |    18 ||   345
       Searing Ray       |     1 |     4 |    38 |     9 ||    52
       Tukima's Dance    |       |       |     1 |     1 ||     2
Evoke: Wand              |       |       |     7 |       ||     7
  Use: Scroll            |     1 |     9 |     5 |       ||    15
 Stab: Sleeping          |     1 |       |     2 |       ||     3
Armor: Robe              |     5 |     1 |    15 |     5 ||    26
Dodge: Dodged            |    34 |    13 |    87 |    29 ||   163

Table legend: (Time is in decaauts)
 A = Elapsed time spent in this place.
 B = Non-inter-level travel time spent in this place.
 C = Inter-level travel time spent in this place.
 D = Time resting spent in this place.
 E = Time spent auto-exploring this place.
 F = Levels seen in this place.
 G = Mean time per level.
                   A        B        C        D        E       F      G
               +--------+--------+--------+--------+--------+-----+--------+
         Total |  13793 |  13629 |    164 |   7903 |   3867 |   8 | 1724.1 |
       Dungeon |  11200 |  11036 |    164 |   5876 |   3867 |   7 | 1600.0 |
        Bailey |   2592 |   2592 |      0 |   2027 |      0 |   1 | 2592.0 |
               +--------+--------+--------+--------+--------+-----+--------+

Top non-repeatable levels by time:
     D:4: 2844 daAuts
  Bailey: 2592 daAuts
     D:6: 2156 daAuts
     D:5: 1973 daAuts
     D:2: 1321 daAuts
     D:3: 1289 daAuts
     D:1: 1162 daAuts
     D:7: 453 daAuts
